 Dungeon Crawl Stone Soup version 0.24-a0-447-ge8da9206dc (webtiles) character file.

Game seed: 2888982640268969574

46005 Elric the Deadly Accurate (level 14, -8/103 HPs)
             Began as a Kobold Hunter on June 25, 2019.
             Was the Champion of Okawaru.
             Mangled by a death yak (17 damage)
             ... on level 6 of the Lair of Beasts.
             The game lasted 01:19:09 (20932 turns).

Elric the Deadly Accurate (Kobold Hunter)          Turns: 20932, Time: 01:19:09

Health: -8/103     AC: 15    Str:  9 (10) XL:     14   Next: 74%
Magic:  0/24       EV: 27    Int: 18 (20) God:    Okawaru [******]
Gold:   1326       SH: 11    Dex: 19 (22) Spells: 12/13 levels left

rFire    . . .     SeeInvis .   Y - +3 rapier of Dypsil {vamp, rElec rPois Str-3 Dex+8}
rCold    . . .     Gourm    .   T - +1 shield
rNeg     . . .     Faith    .   a - +4 troll leather armour {Snorg}
rPois    +         Spirit   +   K - +2 helmet
rElec    +         Reflect  .   (no cloak)
rCorr    .         Harm     .   L - -3 pair of gloves of the Teacher {Int+5}
MR       +....                  G - +0 pair of boots of the Ant {rElec MP+9 Int+2}
Stlth    +++++.....             I - amulet of guardian spirit
HPRegen  0.67/turn              v - +5 ring of protection
MPRegen  0.19/turn              B - +5 ring of evasion

@: no status effects
A: small, carnivore, clumsy 1, low mp 1, robust 1, sturdy frame 1
a: Heroism, Finesse, Renounce Religion


You were on level 6 of the Lair of Beasts.
You worshipped Okawaru.
Okawaru was exalted by your worship.
You were full.

You visited 3 branches of the dungeon, and saw 18 of its levels.
You also visited: Bailey.

You collected 1326 gold pieces.

Inventory:

Hand Weapons
 c - a +0 hunting sling
 U - a +2 rapier of venom
 X - a +2 trident of protection
 Y - the +3 rapier of Dypsil (weapon) {vamp, rElec rPois Str-3 Dex+8}
   (Okawaru gifted it to you on level 6 of the Lair of Beasts)

   It inflicts no extra harm, but heals its wielder when it wounds a living foe.
   It affects your strength (-3).
   It affects your dexterity (+8).
   It insulates you from electricity.
   It protects you from poison.
Missiles
 d - 92 sling bullets
 g - a boomerang of dispersal (quivered)
 i - 524 stones
 r - 14 poisoned darts
 F - 15 datura-tipped darts
 H - 3 throwing nets
 M - 18 silver boomerangs
 N - 3 boomerangs
 R - 4 curare-tipped darts
 S - 14 atropa-tipped darts
Armour
 a - a +4 troll leather armour (worn) {Snorg}
 G - the +0 pair of boots of the Ant (worn) {rElec MP+9 Int+2}
   (You found it on level 7 of the Dungeon)

   It affects your intelligence (+2).
   It insulates you from electricity.
   It affects your magic capacity (+9).
 K - a +2 helmet (worn)
 L - the -3 pair of gloves of the Teacher (worn) {Int+5}
   (Okawaru gifted it to you on level 5 of the Lair of Beasts)

   It affects your intelligence (+5).
 T - a +1 shield (worn)
Jewellery
 s - an uncursed ring of positive energy
 v - a +5 ring of protection (left hand)
 w - an uncursed ring of flight
 B - a +5 ring of evasion (right hand)
 I - an amulet of guardian spirit (around neck)
Wands
 u - a wand of flame (22)
 y - a wand of paralysis (12)
 C - a wand of disintegration (16)
 E - a wand of clouds (2)
 O - a wand of iceblast (7)
 P - a wand of digging (12)
 Q - a wand of random effects (22)
 Z - a wand of polymorph (5)
Scrolls
 h - 8 scrolls of remove curse
 j - 10 scrolls of identify
 l - 2 scrolls of silence
 q - 2 scrolls of fog
 x - a scroll of magic mapping
 z - a scroll of holy word {unknown}
 A - 4 scrolls of teleportation
 V - a scroll of immolation
Potions
 b - 3 potions of cancellation {unknown}
 e - 2 potions of agility {unknown}
 k - 4 potions of mutation
 m - 5 potions of degeneration
 n - 5 potions of haste
 o - 2 potions of curing {unknown}
 p - 2 potions of lignification {unknown}
 t - 2 potions of magic
 D - 2 potions of flight {unknown}
 J - a potion of resistance {unknown}
 W - 2 potions of invisibility {unknown}
Comestibles
 f - 31 rations


   Skills:
 - Level 13.4 Fighting
 - Level 5.7 Short Blades
 - Level 15.0 Throwing
 - Level 11.1 Dodging
 - Level 11.5 Stealth
 + Level 7.1 Shields
 - Level 3.8 Hexes
 - Level 3.5 Invocations


You had 12 spell levels left.
You knew the following spells:

 Your Spells              Type           Power        Failure   Level  Hunger
a - Corona                Hex            ##.....      19%         1    ##.....

Your spell library contained the following spells:

 Spells                   Type           Power        Failure   Level  Hunger
 Confuse                  Hex            ##......     50%         3    ####...
 Tukima's Dance           Hex            ##......     50%         3    ####...
 Ensorcelled Hibernation  Hex/Ice        #.....       52%         2    ###....
 Animate Skeleton         Necr           N/A          65%         1    ##.....
 Freeze                   Ice            #...         65%         1    ##.....
 Pain                     Necr           #...         65%         1    ##.....
 Shock                    Conj/Air       #...         65%         1    ##.....
 Dazzling Spray           Conj/Hex       #.....       77%         3    ####...
 Swiftness                Chrm/Air       #.......     78%         2    ###....
 Throw Frost              Conj/Ice       #.....       78%         2    ###....
 Conjure Flame            Conj/Fire      #.......     95%         3    ####...
 Ozocubu's Armour         Chrm/Ice       #.......     95%         3    ####...
 Regeneration             Chrm/Necr      #.........   95%         3    ####...
 Static Discharge         Conj/Air       #.......     95%         3    ####...
 Vampiric Draining        Necr           #.........   95%         3    ####...
 Airstrike                Air            #.........   100%        4    #####..
 Animate Dead             Necr           N/A          100%        4    #####..
 Summon Ice Beast         Ice/Summ       #.......     100%        4    #####..
 Throw Icicle             Conj/Ice       #.......     100%        4    #####..
 Lightning Bolt           Conj/Air       #.........   100%        5    ######.
 Bolt of Fire             Conj/Fire      #.........   100%        6    #######


Dungeon Overview and Level Annotations

Branches:
Dungeon (11/15)            Temple (1/1) D:5            Lair (6/6) D:11
 Shoals (0/4) Lair:2       Spider (0/4) Lair:2        Slime (0/5) Lair:6
    Orc: D:9-12

Altars:
Ashenzari
Cheibriados
Dithmenos
Elyvilon
Fedhas
Gozag
Hepliaklqana
Kikubaaqudgha
Makhleb
Nemelex Xobeh
Okawaru
Qazlal
Ru
Sif Muna
Trog
Uskayaw
Vehumet
Wu Jian
Xom
Yredelemnul
Zin
The Shining One

Annotations:
Lair:1 exclusion: oklob plant
Lair:3 exclusion: 2 oklob plants
Lair:6 Rupert


Innate Abilities, Weirdness & Mutations

You are small and have problems with some larger weapons.
You are carnivorous and can eat meat at any time.
You are clumsy. (Dex -2)
Your magical capacity is low. (-10% MP)
You are robust. (+10% HP)
Your movements are slightly less encumbered by armour. (ER -2)


Message History

The yak gores you but does no damage. The death yak gores you.
* * * LOW HITPOINT WARNING * * *
The catoblepas gores you!!
* * * LOW HITPOINT WARNING * * *
The yak gores you but does no damage. The death yak gores you!
* * * LOW HITPOINT WARNING * * *
The catoblepas gores you!!
* * * LOW HITPOINT WARNING * * *
You turn to flesh and can move again.
Okay, then.
It was a potion of degeneration.
There was something very wrong with that liquid.
You feel weakened.
You feel dopey.
You feel clumsy. The yak completely misses you.
You block the death yak's attack. The catoblepas misses you.
It was a potion of mutation.
You feel extremely strange.
You feel robust.
You feel clumsy.
You feel less energetic.
You feel less encumbered by your armour.
You block the yak's attack. The death yak gores you!!
You die...

#### ###......8... ###..##
###### ###......##
##.(...###P...####
##......##
#........P..8....#
#.P###...##
%...##.....8....##
#######...# ##[#
#..8....8.### ###.###...
## ##..8.8.†...#
##.....##.. ##.....##YY##
###...#......
#...P####@Y###.....##.....
##..## ##........####....
##.. ##..P###.## ###.#
..## #...## #..## ### ...#
##..P# ##..###### ##.
###..## ##...##.. ##...##
###......# ###..###
###...##.... #....##
##...####...#


You could see a death yak, a catoblepas and a yak.

Vanquished Creatures
  Snorg (D:10)
  4 hydras
  Harold (D:7)
  A catoblepas (Lair:6)
  A death knight (D:11)
  2 two-headed ogres
  6 death yaks (Lair:6)
  Urug (Lair:4)
  Sonja (Lair:1)
  A wizard (D:11)
  A phantasmal warrior (D:11)
  An ugly thing (D:11)
  2 manticores (Lair:6)
  5 elephants (Lair:2)
  A merfolk siren (Lair:2)
  Psyche (D:8)
  3 black mambas
  Joseph (D:7)
  A centaur skeleton (D:10)
  9 spiny frogs
  12 komodo dragons
  A rime drake (Lair:1)
  A freezing wraith (D:11)
  A troll (D:10)
  2 polar bears (Lair:6)
  A hornet (D:11)
  4 dream sheep (Lair:6)
  Prince Ribbit (D:7)
  20 blink frogs
  7 hippogriffs
  2 wyverns
  35 yaks
  2 wraiths
  3 basilisks
  A steam dragon (D:8)
  2 hungry ghosts
  9 water moccasins
  11 porcupines
  A swamp drake (D:11)
  Purgy (D:3)
  An ice beast (D:6)
  Duvessa (D:7)
  4 orc warriors
  3 phantoms (D:10)
  4 sky beasts
  11 centaurs
  6 wolves (Lair:5)
  3 ogres
  11 crocodiles
  2 big kobolds
  Blork the orc (D:6)
  15 bullfrogs
  2 wyvern zombies
  Dowan (D:7)
  2 scorpions
  4 wights (D:6)
  6 howler monkeys
  2 electric eels (D:10)
  A centaur zombie (D:5)
  5 crimson imps
  6 hounds
  2 gnoll shamans
  4 jellies
  An orc priest (D:5)
  11 orc wizards
  2 bullfrog skeletons
  An iguana (D:9)
  6 worker ants
  2 hound skeletons
  8 gnolls
  8 adders
  3 shadow imps
  An adder skeleton (D:9)
  3 worms
  6 leopard geckos
  30 orcs
  A ball python (D:1)
  7 giant cockroaches
  12 goblins
  7 hobgoblins
  7 jackals
  23 kobolds
  3 quokkas
  3 bats
  2 frilled lizards
  2 jackal skeletons
  A leopard gecko zombie (D:9)
  4 rats
  A plant (Lair:6)
413 creatures vanquished.

Vanquished Creatures (collateral kills)
  An unseen horror (D:11)
  A phantasmal warrior (D:11)
  An orc priest (D:10)
  An orc (D:10)
4 creatures vanquished.

Vanquished Creatures (others)
  3 fungi (Lair:2)
  3 plants
6 creatures vanquished.

Grand Total: 423 creatures vanquished

Notes
Turn   | Place    | Note
-------+----------+-------------------------------------------
     0 | D:1      | Elric the Kobold Hunter began the quest for the Orb.
     0 | D:1      | Reached XP level 1. HP: 12/12 MP: 1/1
   442 | D:1      | Reached XP level 2. HP: 18/18 MP: 2/2
   738 | D:1      | Reached skill level 5 in Throwing
   738 | D:1      | Reached XP level 3. HP: 9/22 MP: 3/3
  1529 | D:2      | Reached XP level 4. HP: 20/28 MP: 4/4
  2120 | D:2      | Reached XP level 5. HP: 32/32 MP: 5/5
  2287 | D:2      | Found a hazy altar of Hepliaklqana.
  2290 | D:2      | Found a radiant altar of Vehumet.
  2381 | D:2      | Found an ancient bone altar of Kikubaaqudgha.
  2385 | D:2      | Found a sacrificial altar of Ru.
  2552 | D:3      | Reached skill level 6 in Throwing
  2948 | D:3      | Noticed Purgy
  2966 | D:3      | Killed Purgy
  2966 | D:3      | Reached skill level 1 in Short Blades
  2966 | D:3      | Reached XP level 6. HP: 17/38 MP: 6/6
  3872 | D:4      | Reached skill level 7 in Throwing
  3931 | D:4      | Reached XP level 7. HP: 44/44 MP: 7/7
  4266 | D:4      | Found a deep blue altar of Sif Muna.
  4522 | D:5      | Entered Level 5 of the Dungeon
  4915 | D:5      | Found a staircase to the Ecumenical Temple.
  5146 | Temple   | Entered the Ecumenical Temple
  5227 | Temple   | Became a worshipper of Warmaster Okawaru
  5272 | D:5      | Reached skill level 5 in Fighting
  5272 | D:5      | Reached XP level 8. HP: 16/49 MP: 8/8
  5563 | D:5      | Reached skill level 8 in Throwing
  5935 | D:6      | Noticed Blork the orc
  6187 | D:6      | Killed Blork the orc
  6271 | D:6      | Noticed a two-headed ogre
  6324 | D:6      | Killed a two-headed ogre
  6324 | D:6      | Reached * piety under Okawaru
  6324 | D:6      | Reached ** piety under Okawaru
  6324 | D:6      | Reached skill level 5 in Short Blades
  6324 | D:6      | Reached skill level 9 in Throwing
  6324 | D:6      | Reached skill level 5 in Dodging
  6324 | D:6      | Reached XP level 9. HP: 50/55 MP: 9/9
  6577 | D:6      | Reached *** piety under Okawaru
  6727 | D:6      | Reached skill level 10 in Throwing
  6803 | D:6      | Found an opulent altar of Gozag.
  6804 | D:6      | Found a sparkling altar of Nemelex Xobeh.
  7163 | D:7      | Noticed Harold
  7168 | D:7      | Got a pair of transparent boots
  7177 | D:7      | Noticed Duvessa
  7184 | D:7      | Noticed Dowan
  7318 | D:7      | Noticed Joseph
  7659 | D:7      | Killed Joseph
  8027 | D:7      | Found a white marble altar of Elyvilon.
  8097 | D:7      | Noticed Prince Ribbit
  8130 | D:7      | Killed Prince Ribbit
  8130 | D:7      | Reached XP level 10. HP: 63/63 MP: 7/10
  8257 | D:7      | Killed Harold
  8257 | D:7      | Received a gift from Okawaru
  8257 | D:7      | Reached skill level 11 in Throwing
  8292 | D:7      | Killed Duvessa
  8298 | D:7      | Killed Dowan
  8729 | D:7      | Reached **** piety under Okawaru
  8960 | D:7      | Identified the +0 pair of boots of the Ant {rElec MP+9
                  | Int+2} (You found it on level 7 of the Dungeon)
  9066 | D:8      | Received a gift from Okawaru
  9224 | D:8      | Noticed Psyche
  9239 | D:8      | Killed Psyche
  9343 | D:8      | Found a flagged portal.
  9351 | Bailey   | Entered a bailey
  9417 | Bailey   | Reached skill level 12 in Throwing
  9493 | Bailey   | Received a gift from Okawaru
  9537 | Bailey   | Found a burning altar of Makhleb.
 10332 | D:8      | Found a snail-covered altar of Cheibriados.
 10470 | D:9      | Noticed a two-headed ogre
 10497 | D:9      | Killed a two-headed ogre
 10497 | D:9      | Reached XP level 11. HP: 65/69 MP: 11/11
 10995 | D:9      | Reached skill level 13 in Throwing
 11013 | D:9      | Found a shadowy altar of Dithmenos.
 11131 | D:10     | Entered Level 10 of the Dungeon
 11160 | D:10     | Reached ***** piety under Okawaru
 11200 | D:10     | Noticed Snorg
 11218 | D:10     | Killed Snorg
 11218 | D:10     | Received a gift from Okawaru
 11597 | D:10     | Received a gift from Okawaru
 12238 | D:11     | Received a gift from Okawaru
 12254 | D:11     | Reached skill level 10 in Dodging
 12278 | D:11     | Noticed a green ugly thing
 12300 | D:10     | Reached skill level 10 in Fighting
 12315 | D:11     | Killed a green ugly thing
 12319 | D:11     | Received a gift from Okawaru
 12438 | D:11     | Reached XP level 12. HP: 77/77 MP: 12/12
 12505 | D:11     | Reached skill level 14 in Throwing
 12673 | D:11     | Killed an unseen horror
 12877 | D:11     | Noticed a wizard
 12881 | D:11     | Killed a wizard
 13132 | D:11     | Received a gift from Okawaru
 13187 | D:11     | Reached skill level 5 in Stealth
 13437 | D:11     | Noticed a death knight
 13450 | D:11     | Received a gift from Okawaru
 13487 | D:11     | Killed a death knight
 13487 | D:11     | Received a gift from Okawaru
 13674 | D:11     | Found a staircase to the Lair.
 13936 | Lair:1   | Entered Level 1 of the Lair of Beasts
 13968 | Lair:1   | Reached ****** piety under Okawaru
 13969 | Lair:1   | Reached skill level 10 in Stealth
 14102 | Lair:1   | Received a gift from Okawaru
 14226 | Lair:1   | Noticed Sonja
 14336 | Lair:1   | Killed Sonja
 14336 | Lair:1   | Reached skill level 1 in Invocations
 14399 | Lair:1   | Identified the Guide on the Scorching Snowflakes
 14480 | Lair:1   | Received a gift from Okawaru
 14767 | Lair:1   | Reached XP level 13. HP: 79/83 MP: 14/14
 15019 | Lair:2   | Found a hole to the Spider Nest.
 15330 | Lair:2   | Reached skill level 15 in Throwing
 15489 | Lair:2   | Received a gift from Okawaru
 15669 | Lair:2   | Found a staircase to the Shoals.
 15978 | Lair:3   | Found a gate leading to a gauntlet.
 16143 | Lair:3   | Noticed a four-headed hydra
 16147 | Lair:3   | Killed a four-headed hydra
 16579 | Lair:4   | Noticed a four-headed hydra
 16579 | Lair:4   | Noticed a five-headed hydra
 16717 | Lair:3   | Killed a four-headed hydra
 16722 | Lair:3   | Killed a five-headed hydra
 17280 | Lair:4   | Noticed Urug
 17305 | Lair:4   | Killed Urug
 17721 | Lair:4   | Received a gift from Okawaru
 18067 | Lair:5   | Received a gift from Okawaru
 18067 | Lair:5   | Reached XP level 14. HP: 94/94 MP: 16/16
 18068 | Lair:5   | Got a pair of distressingly furry gloves {god gift}
 18069 | Lair:5   | Identified the -3 pair of gloves of the Teacher {Int+5}
                  | (Okawaru gifted it to you on level 5 of the Lair of Beasts)
 18077 | Lair:5   | Learned a level 1 spell: Corona
 18139 | Lair:5   | Reached skill level 1 in Hexes
 18665 | Lair:5   | Reached skill level 1 in Shields
 19119 | Lair:6   | Entered Level 6 of the Lair of Beasts
 19421 | Lair:6   | Found a staircase to the Slime Pits.
 20090 | Lair:6   | Reached skill level 5 in Shields
 20224 | Lair:6   | Received a gift from Okawaru
 20249 | Lair:6   | Got a warped rapier {god gift}
 20250 | Lair:6   | Identified the +3 rapier of Dypsil {vamp, rElec rPois Str-3
                  | Dex+8} (Okawaru gifted it to you on level 6 of the Lair of
                  | Beasts)
 20492 | Lair:6   | Noticed Rupert
 20932 | Lair:6   | Gained mutation: You are robust. (+10% HP) [potion of
                  | mutation]
 20932 | Lair:6   | Gained mutation: You are clumsy. (Dex -2) [potion of
                  | mutation]
 20932 | Lair:6   | Gained mutation: Your magical capacity is low. (-10% MP)
                  | [potion of mutation]
 20932 | Lair:6   | Gained mutation: Your movements are slightly less
                  | encumbered by armour. (ER -2) [potion of mutation]
 20932 | Lair:6   | Mangled by a death yak

Levels and vault maps discovered:
D:1:      dpeg_arrival_rooms_c, layout_basic, serial_forest,
          infiniplex_forest_end_3, infiniplex_forest_clump_long,
          infiniplex_forest_end_1, infiniplex_forest_clump_diagonal
D:2:      layout_loops_ring, nicolae_overflow_hidden_temple, minivault_5
D:3:      layout_basic, uniq_purgy
D:4:      layout_basic, lemuel_round_altar, first_ration, minivault_27,
          minivault_23
D:5:      layout_basic, minmay_temple_entry_statues
D:6:      layout_loops_ring, grunt_temple_overflow_opulence, uniq_blork_the_orc
D:7:      layout_basic, elyvilon_altar_1, uniq_harold, uniq_prince_ribbit1,
          uniq_joseph, uniq_duvessa
D:8:      layout_basic, slow_altar_2, enter_bailey_3, uniq_psyche
D:9:      layout_small_grid, lemuel_doored_altar, hangedman_corner_corridor
D:10:     layout_basic, serial_bayou, serial_bayou_pond_c, serial_bayou_pond_b,
          serial_bayou_pond_e, serial_bayou_shore_b, uniq_snorg
D:11:     layout_loops_ring, erik_lair_dragon
Temple:   minmay_temple_bridge_abc
Lair:1:   minmay_lair_oklob_tunnel, layout_layer_cave,
          chequers_serial_rivers_large_a, grunt_megastairs_4, uniq_sonja
Lair:2:   layout_roguey, minmay_shoals_entry_lonely_mermaid,
          spider_nest_entry_web_field, beast_lair_carwin_7
Lair:3:   layout_chaotic_city, gauntlet_entry_generic,
          infiniplex_staircase_pool_2, grunt_megastairs_2
Lair:4:   layout_gridlike, beast_lair_carwin_10, uniq_urug
Lair:5:   layout_long_grid
Lair:6:   evilmike_catoblepas_cave, layout_gridlike, slime_dummy, uniq_rupert

Skill      XL: |  1  2  3  4  5  6  7  8  9 10 11 12 13 14 |
---------------+-------------------------------------------+-----
Throwing       | 5 6 7 9 10 12 13 14 15 | 15.0
Fighting       | 3 4 5 6 7 8 10 13 | 13.4
Short Blades   | 1 2 4 5 |  5.7
Dodging        | 3 5 6 8 10 11 | 11.1
Stealth        | 10 11 | 11.5
Invocations    | 2 3 |  3.5
Hexes          | 3 |  3.8
Shields        | 7 |  7.1

Action                   |  1- 3 |  4- 6 |  7- 9 | 10-12 | 13-15 || total
-------------------------+-------+-------+-------+-------+-------++-------
Melee: Short sword       |    63 |    25 |    58 |       |       ||   146
       Rapier            |       |       |    78 |   301 |   555 ||   934
 Fire: Hunting sling     |       |       |    38 |    42 |       ||    80
Throw: Boomerang         |    79 |    54 |   101 |   328 |   224 ||   786
       Stone             |       |    97 |    30 |    37 |    14 ||   178
       Throwing net      |       |     2 |     4 |     2 |       ||     8
       Dart              |       |    43 |    54 |   196 |   157 ||   450
Invok: Heroism           |       |       |     3 |    12 |     6 ||    21
       Finesse           |       |       |       |       |     2 ||     2
 Abil: Evoke Flight      |       |       |       |     3 |       ||     3
Evoke: Wand              |       |       |       |     2 |       ||     2
  Use: Scroll            |       |       |     6 |    12 |    11 ||    29
       Potion            |       |       |       |       |     3 ||     3
 Stab: Invisible         |       |       |       |     3 |     2 ||     5
       Confused          |       |       |       |     5 |       ||     5
       Sleeping          |       |       |       |       |     9 ||     9
       Petrified         |       |       |       |       |     1 ||     1
  Eat: Chunk             |     4 |     7 |     7 |    30 |    17 ||    65
       Ration            |       |       |     2 |     1 |       ||     3
Armor: Scale mail        |    26 |    42 |    68 |    72 |       ||   208
       Leather armour    |     4 |       |       |       |       ||     4
       Troll leather arm |       |       |       |    55 |   109 ||   164
Dodge: Dodged            |    55 |    53 |   187 |   583 |   613 ||  1491
Block: Shield            |       |       |       |       |   197 ||   197

Table legend:
 A = Non-vault XP
 B = Vault XP
 C = Vault XP percentage of total XP
 D = Non-vault monster count
 E = Vault monster count
 F = Vault count percentage of total count
                 A         B        C        D         E       F
            +---------+---------+-------+---------+---------+-------
      Total |   44346 |   21376 |  32.5 |     336 |      80 |  19.2
            +---------+---------+-------+---------+---------+-------
        D:1 |      45 |       0 |   0.0 |      19 |       0 |   0.0
        D:2 |      98 |       0 |   0.0 |      14 |       0 |   0.0
        D:3 |     173 |     132 |  43.3 |      21 |       1 |   4.5
        D:4 |     166 |       0 |   0.0 |      10 |       0 |   0.0
        D:5 |     506 |       0 |   0.0 |      13 |       0 |   0.0
        D:6 |    1827 |      96 |   5.0 |      23 |       1 |   4.2
        D:7 |     943 |    1858 |  66.3 |      20 |       5 |  20.0
        D:8 |     754 |     465 |  38.1 |      20 |       6 |  23.1
        D:9 |    1785 |     575 |  24.4 |      20 |       5 |  20.0
       D:10 |    2562 |    1129 |  30.6 |      32 |       1 |   3.0
       D:11 |    6751 |     649 |   8.8 |      32 |       5 |  13.5
     Lair:1 |    5423 |     905 |  14.3 |      27 |       2 |   6.9
     Lair:2 |    4565 |    2739 |  37.5 |      16 |      12 |  42.9
     Lair:3 |    5449 |       0 |   0.0 |      16 |       0 |   0.0
     Lair:4 |    1093 |    3227 |  74.7 |       6 |       7 |  53.8
     Lair:5 |    7152 |       0 |   0.0 |      30 |       0 |   0.0
     Lair:6 |    5054 |    9181 |  64.5 |      17 |      19 |  52.8
     Bailey |       0 |     420 | 100.0 |       0 |      16 | 100.0
            +---------+---------+-------+---------+---------+-------
